TOP OF THE 1ST |
Canonniers de Quebec batting - Pitching for Twinsburg Tigers : RHP Odmar van Hees
|
Pitching: RHP Odmar van Hees
|
|
Batting: LHB Ewold de Regt
|
0-0: Called Strike 0-1: Ball 1-1: Foul Ball, location: 2F 1-2: Strikes out swinging
|
Batting: LHB Knox Loposer
|
0-0: Called Strike 0-1: Foul Ball, location: 2F 0-2: Ball 1-2: Foul Ball, location: 2F 1-2: Ball 2-2: Ball 3-2: Ground out 6-3 (Groundball, 6S, EV 70.6 MPH)
|
Batting: RHB Amor Campos
|
0-0: Called Strike 0-1: Ball 1-1: Foul Ball, location: 2F 1-2: Ground out 5-3 (Groundball, 56S, EV 64.4 MPH)
|
Top of the 1st over - 0 runs, 0 hits, 0 errors, 0 left on base; Canonniers de Quebec 0 - Twinsburg 0 |
BOTTOM OF THE 1ST |
Twinsburg Tigers batting - Pitching for Canonniers de Quebec : LHP Manu Jortikka
|
Pitching: LHP Manu Jortikka
|
|
Batting: RHB Sadiya Seth
|
0-0: SINGLE (Groundball, 56D, EV 100.0 MPH)
|
Batting: RHB John Jackson
|
0-0: Fly out, F8 (Line Drive, 8LD, EV 93.8 MPH)
|
Batting: RHB Axel Ruschmeyer
|
0-0: Swinging Strike 0-1: Swinging Strike 0-2: Ball 1-2: Foul Ball, location: 2F 1-2: Ball 2-2: Fly out, F9 (Flyball, 89S, EV 91.2 MPH)
|
Batting: SHB Jhett Larson
|
0-0: Ball Sadiya Seth is caught stealing 2nd base 2-4
|
Bottom of the 1st over - 0 runs, 1 hit, 0 errors, 0 left on base; Canonniers de Quebec 0 - Twinsburg 0 |
TOP OF THE 2ND |
Canonniers de Quebec batting - Pitching for Twinsburg Tigers : RHP Odmar van Hees
|
Batting: RHB Imbart Baars
|
0-0: Fly out, F9 (Flyball, 89M, EV 96.2 MPH)
|
Batting: RHB Hulama Yani
|
0-0: Swinging Strike 0-1: Ball 1-1: Called Strike 1-2: Ball 2-2: Strikes out swinging
|
Batting: RHB Manuel Barrera
|
0-0: Called Strike 0-1: Ball 1-1: Foul Ball, location: 2F 1-2: Fly out, F9 (Line Drive, 9, EV 93.1 MPH)
|
Top of the 2nd over - 0 runs, 0 hits, 0 errors, 0 left on base; Canonniers de Quebec 0 - Twinsburg 0 |
BOTTOM OF THE 2ND |
Twinsburg Tigers batting - Pitching for Canonniers de Quebec : LHP Manu Jortikka
|
Batting: SHB Jhett Larson
|
0-0: Called Strike 0-1: Ball 1-1: Ball 2-1: Foul Ball, location: 2F 2-2: Strikes out swinging
|
Batting: RHB Dave Hill
|
0-0: Called Strike 0-1: Ball 1-1: Foul Ball, location: 2F 1-2: Strikes out looking
|
Batting: LHB Keaton Kringlen
|
0-0: Ball 1-0: Fly out, F8 (Flyball, 8LM, EV 90.0 MPH)
|
Bottom of the 2nd over - 0 runs, 0 hits, 0 errors, 0 left on base; Canonniers de Quebec 0 - Twinsburg 0 |
TOP OF THE 3RD |
Canonniers de Quebec batting - Pitching for Twinsburg Tigers : RHP Odmar van Hees
|
Batting: RHB Tom Rowland
|
0-0: Ball 1-0: Foul Ball, location: 2F 1-1: Swinging Strike 1-2: Foul Ball, location: 2F 1-2: Foul Ball, location: 2F 1-2: SINGLE (Groundball, 34D, EV 97.5 MPH)
|
Batting: RHB Joe Padilla
|
0-0: Foul Ball, location: 2F 0-1: Swinging Strike 0-2: Fielders Choice at 2nd, 4-6 (Groundball, 4, EV 87.5 MPH)
|
Batting: SHB Alex Warner
|
0-0: Ball 1-0: Called Strike 1-1: Foul Ball, location: 2F 1-2: Ball 2-2: Foul Ball, location: 2F 2-2: Ball 3-2: Foul Ball, location: 2F 3-2: Foul Ball, location: 2F 3-2: Foul Ball, location: 2F 3-2: Strikes out swinging
|
Batting: LHB Ewold de Regt
|
0-0: Ball 1-0: Swinging Strike 1-1: Ball 2-1: Called Strike 2-2: Strikes out looking
|
Top of the 3rd over - 0 runs, 1 hit, 0 errors, 1 left on base; Canonniers de Quebec 0 - Twinsburg 0 |
BOTTOM OF THE 3RD |
Twinsburg Tigers batting - Pitching for Canonniers de Quebec : LHP Manu Jortikka
|
Batting: RHB Woong Byeon
|
0-0: Ground out 6-3 (Groundball, 6S, EV 70.0 MPH)
|
Batting: LHB Mike Fisher
|
0-0: Fly out, F8 (Line Drive, 8LM, EV 96.9 MPH)
|
Batting: RHB Try Fryfogle
|
0-0: Ground out U3 (Groundball, 3L, EV 86.2 MPH)
|
Bottom of the 3rd over - 0 runs, 0 hits, 0 errors, 0 left on base; Canonniers de Quebec 0 - Twinsburg 0 |
TOP OF THE 4TH |
Canonniers de Quebec batting - Pitching for Twinsburg Tigers : RHP Odmar van Hees
|
Batting: LHB Knox Loposer
|
0-0: Ball 1-0: Ball 2-0: Foul Ball, location: 2F 2-1: Foul Ball, location: 2F 2-2: Ball 3-2: Strikes out swinging
|
Batting: RHB Amor Campos
|
0-0: Ball 1-0: Foul Ball, location: 2F 1-1: Ball 2-1: Called Strike 2-2: SINGLE (Groundball, 34, EV 96.9 MPH) (infield hit)
|
Batting: RHB Imbart Baars
|
0-0: Foul Ball, location: 2F 0-1: Foul Ball, location: 2F 0-2: Grounds into double play, 5-4-3 (Groundball, 56, EV 103.8 MPH)
|
Top of the 4th over - 0 runs, 1 hit, 0 errors, 0 left on base; Canonniers de Quebec 0 - Twinsburg 0 |
BOTTOM OF THE 4TH |
Twinsburg Tigers batting - Pitching for Canonniers de Quebec : LHP Manu Jortikka
|
Batting: RHB Sadiya Seth
|
0-0: Ball 1-0: Fly out, F8 (Flyball, 89S, EV 82.5 MPH)
|
Batting: RHB John Jackson
|
0-0: Fly out, F8 (Flyball, 8RD, EV 101.2 MPH)
|
Batting: RHB Axel Ruschmeyer
|
0-0: Called Strike 0-1: Ball 1-1: Ball 2-1: Foul Ball, location: 2F 2-2: Strikes out swinging
|
Bottom of the 4th over - 0 runs, 0 hits, 0 errors, 0 left on base; Canonniers de Quebec 0 - Twinsburg 0 |
TOP OF THE 5TH |
Canonniers de Quebec batting - Pitching for Twinsburg Tigers : RHP Odmar van Hees
|
Batting: RHB Hulama Yani
|
0-0: Ball 1-0: Foul Ball, location: 2F 1-1: Swinging Strike 1-2: Ball 2-2: Foul Ball, location: 2F 2-2: Strikes out swinging
|
Batting: RHB Manuel Barrera
|
0-0: Foul Ball, location: 2F 0-1: Foul Ball, location: 2F 0-2: Strikes out looking
|
Batting: RHB Tom Rowland
|
0-0: Swinging Strike 0-1: Called Strike 0-2: Strikes out swinging
|
Top of the 5th over - 0 runs, 0 hits, 0 errors, 0 left on base; Canonniers de Quebec 0 - Twinsburg 0 |
BOTTOM OF THE 5TH |
Twinsburg Tigers batting - Pitching for Canonniers de Quebec : LHP Manu Jortikka
|
Batting: SHB Jhett Larson
|
0-0: Ball 1-0: Swinging Strike 1-1: Foul Ball, location: 2F 1-2: Strikes out looking
|
Batting: RHB Dave Hill
|
0-0: Ball 1-0: Ball 2-0: Called Strike 2-1: SINGLE (Line Drive, 7S, EV 85.6 MPH)
|
Batting: LHB Keaton Kringlen
|
0-0: Called Strike 0-1: SINGLE (Flyball, 9LS, EV 97.5 MPH) Dave Hill to second Runner from 2nd tries for 3rd, SAFE, no throw by RF
|
Batting: RHB Woong Byeon
|
0-0: Called Strike 0-1: Called Strike 0-2: Foul Ball, location: 2F 0-2: Ball 1-2: Strikes out looking
|
Batting: LHB Mike Fisher
|
0-0: Ball 1-0: Called Strike 1-1: Ball 2-1: Ground out 3-1 (Groundball, 34S, EV 87.5 MPH)
|
Bottom of the 5th over - 0 runs, 2 hits, 0 errors, 2 left on base; Canonniers de Quebec 0 - Twinsburg 0 |
TOP OF THE 6TH |
Canonniers de Quebec batting - Pitching for Twinsburg Tigers : RHP Odmar van Hees
|
Batting: RHB Joe Padilla
|
0-0: Called Strike 0-1: Foul Ball, location: 2F 0-2: Strikes out looking
|
Batting: SHB Alex Warner
|
0-0: Called Strike 0-1: Ball 1-1: Called Strike 1-2: Foul Ball, location: 2F 1-2: Strikes out swinging
|
Batting: LHB Ewold de Regt
|
0-0: Ground out 6-3 (Groundball, 6S, EV 70.0 MPH)
|
Top of the 6th over - 0 runs, 0 hits, 0 errors, 0 left on base; Canonniers de Quebec 0 - Twinsburg 0 |
BOTTOM OF THE 6TH |
Twinsburg Tigers batting - Pitching for Canonniers de Quebec : LHP Manu Jortikka
|
Batting: RHB Try Fryfogle
|
0-0: Called Strike 0-1: Fly out, F8 (Flyball, 8RD, EV 96.9 MPH)
|
Batting: RHB Sadiya Seth
|
0-0: Foul Ball, location: 2F 0-1: Ball 1-1: Foul Ball, location: 2F 1-2: Strikes out swinging
|
Batting: RHB John Jackson
|
0-0: Ball 1-0: Ball 2-0: Swinging Strike 2-1: Fly out, F8 (Flyball, 8LM, EV 92.5 MPH)
|
Bottom of the 6th over - 0 runs, 0 hits, 0 errors, 0 left on base; Canonniers de Quebec 0 - Twinsburg 0 |
TOP OF THE 7TH |
Canonniers de Quebec batting - Pitching for Twinsburg Tigers : RHP Odmar van Hees
|
Batting: LHB Knox Loposer
|
0-0: Called Strike 0-1: Foul Ball, location: 2F 0-2: Strikes out looking
|
Batting: RHB Amor Campos
|
0-0: Ball 1-0: Ball 2-0: Called Strike 2-1: Foul Ball, location: 2F 2-2: Strikes out looking
|
Batting: RHB Imbart Baars
|
0-0: Called Strike 0-1: Ball 1-1: Ball 2-1: Ball 3-1: Ground out 6-3 (Groundball, 6, EV 86.2 MPH)
|
Top of the 7th over - 0 runs, 0 hits, 0 errors, 0 left on base; Canonniers de Quebec 0 - Twinsburg 0 |
BOTTOM OF THE 7TH |
Twinsburg Tigers batting - Pitching for Canonniers de Quebec : LHP Manu Jortikka
|
Batting: RHB Axel Ruschmeyer
|
0-0: Swinging Strike 0-1: Ball 1-1: Called Strike 1-2: Strikes out looking
|
Batting: SHB Jhett Larson
|
0-0: Ball 1-0: Fly out, F9 (Line Drive, 9D, EV 88.1 MPH)
|
Batting: RHB Dave Hill
|
0-0: Ball 1-0: Called Strike 1-1: Swinging Strike 1-2: Ball 2-2: Foul Ball, location: 2F 2-2: Strikes out swinging
|
Bottom of the 7th over - 0 runs, 0 hits, 0 errors, 0 left on base; Canonniers de Quebec 0 - Twinsburg 0 |
TOP OF THE 8TH |
Canonniers de Quebec batting - Pitching for Twinsburg Tigers : RHP Odmar van Hees
|
Batting: RHB Hulama Yani
|
0-0: Ball 1-0: Swinging Strike 1-1: Ball 2-1: Foul Ball, location: 2F 2-2: Strikes out looking
|
Pitching: RHP Jackson Cluff
|
|
Batting: RHB Manuel Barrera
|
0-0: Swinging Strike 0-1: SINGLE (Line Drive, 8RS, EV 98.8 MPH)
|
Batting: RHB Tom Rowland
|
0-0: Ball 1-0: Ball Manuel Barrera steals 2nd base 2-0: Intentional Walk
|
Batting: RHB Joe Padilla
|
0-0: Ball Manuel Barrera steals 3rd base Tom Rowland to second 1-0: Foul Ball, location: 2F 1-1: Fly out, F9 (Flyball, 9LMF, EV 92.5 MPH) Runner from 3rd tags up, OUT at HOME! 9-2
|
Top of the 8th over - 0 runs, 1 hit, 0 errors, 1 left on base; Canonniers de Quebec 0 - Twinsburg 0 |
BOTTOM OF THE 8TH |
Twinsburg Tigers batting - Pitching for Canonniers de Quebec : LHP Manu Jortikka
|
Batting: LHB Keaton Kringlen
|
0-0: Called Strike 0-1: Hit by Pitch
|
Batting: RHB Woong Byeon
|
0-0: Foul Ball, location: 2F 0-1: Ball 1-1: Ball Wild Pitch! Keaton Kringlen to second 2-1: Swinging Strike 2-2: Strikes out swinging
|
Batting: LHB Mike Fisher
|
0-0: Intentional Walk
|
Batting: RHB Try Fryfogle
|
0-0: Called Strike 0-1: Swinging Strike 0-2: Foul Ball, location: 2F 0-2: Ball 1-2: Fielders Choice at 2nd, 5-4 (Groundball, 56, EV 96.2 MPH) Keaton Kringlen to third
|
Batting: RHB Sadiya Seth
|
0-0: Called Strike 0-1: Ball 1-1: Swinging Strike 1-2: Fly out, F7 (Flyball, 7LS, EV 93.1 MPH)
|
Bottom of the 8th over - 0 runs, 0 hits, 0 errors, 2 left on base; Canonniers de Quebec 0 - Twinsburg 0 |
TOP OF THE 9TH |
Canonniers de Quebec batting - Pitching for Twinsburg Tigers : RHP Jackson Cluff
|
Batting: SHB Alex Warner
|
0-0: Swinging Strike 0-1: Ball 1-1: Called Strike 1-2: Strikes out looking
|
Batting: LHB Ewold de Regt
|
0-0: Ball 1-0: Ball 2-0: Foul Ball, location: 2F 2-1: Ball 3-1: Ground out U3 (Groundball, 3, EV 108.8 MPH)
|
Pinch Hitting: LHB Tony McMillan
|
0-0: Called Strike 0-1: Ball 1-1: SINGLE (Flyball, 8LS, EV 99.4 MPH)
|
Batting: RHB Amor Campos
|
0-0: Ball 1-0: Ball 2-0: Called Strike 2-1: Swinging Strike 2-2: Strikes out looking
|
Top of the 9th over - 0 runs, 1 hit, 0 errors, 1 left on base; Canonniers de Quebec 0 - Twinsburg 0 |
BOTTOM OF THE 9TH |
Twinsburg Tigers batting - Pitching for Canonniers de Quebec : LHP Manu Jortikka
|
Now in RF: Mokichi Ito
|
|
Batting: RHB John Jackson
|
0-0: Swinging Strike 0-1: Ball 1-1: Foul Ball, location: 2F 1-2: Foul Ball, location: 2F 1-2: Foul Ball, location: 2F 1-2: Ball 2-2: DOUBLE (Line Drive, 3D, EV 95.6 MPH) - OUT at third base trying to stretch hit.
|
Pitching: LHP Ralph Moore
|
|
Batting: RHB Axel Ruschmeyer
|
0-0: Called Strike 0-1: Fly out, F8 (Flyball, 78D, EV 95.6 MPH)
|
Batting: SHB Jhett Larson
|
0-0: Called Strike 0-1: Ball 1-1: Called Strike 1-2: Foul Ball, location: 2F 1-2: Strikes out swinging
|
Bottom of the 9th over - 0 runs, 1 hit, 0 errors, 0 left on base; Canonniers de Quebec 0 - Twinsburg 0 |
TOP OF THE 10TH |
Canonniers de Quebec batting - Pitching for Twinsburg Tigers : RHP Jackson Cluff
|
Pitching: RHP Elliot Roebuck
|
|
Batting: RHB Imbart Baars
|
0-0: Ball 1-0: Ball 2-0: Fly out, F7 (Flyball, 78S, EV 91.2 MPH)
|
Batting: RHB Hulama Yani
|
0-0: Ball 1-0: Fly out, F8 (Line Drive, 8LM, EV 104.4 MPH)
|
Pinch Hitting: RHB Han Spoelstra
|
0-0: Fly out, F9 (Line Drive, 9, EV 96.2 MPH)
|
Top of the 10th over - 0 runs, 0 hits, 0 errors, 0 left on base; Canonniers de Quebec 0 - Twinsburg 0 |
BOTTOM OF THE 10TH |
Twinsburg Tigers batting - Pitching for Canonniers de Quebec : LHP Ralph Moore
|
Pitching: LHP Tom Woods
|
|
Now at 2B: Boyd Tholen
|
|
Batting: RHB Dave Hill
|
0-0: Ball 1-0: Ball 2-0: Ball 3-0: Called Strike 3-1: Fly out, F8 (Flyball, 8LXD, EV 101.2 MPH)
|
Batting: LHB Keaton Kringlen
|
0-0: Ball 1-0: Ball 2-0: Ball 3-0: Swinging Strike 3-1: Foul Ball, location: 2F 3-2: Strikes out swinging
|
Batting: RHB Woong Byeon
|
0-0: Ball 1-0: Foul Ball, location: 2F 1-1: Foul Ball, location: 2F 1-2: SINGLE (Groundball, 6MD, EV 98.1 MPH)
|
Batting: LHB Mike Fisher
|
0-0: Called Strike 0-1: Ball 1-1: Foul Ball, location: 2F 1-2: Fly out, F4 (Popup, 4M, EV 71.9 MPH)
|
Bottom of the 10th over - 0 runs, 1 hit, 0 errors, 1 left on base; Canonniers de Quebec 0 - Twinsburg 0 |
TOP OF THE 11TH |
Canonniers de Quebec batting - Pitching for Twinsburg Tigers : RHP Elliot Roebuck
|
Batting: RHB Tom Rowland
|
0-0: Ball 1-0: Foul Ball, location: 2F 1-1: Foul Ball, location: 2F 1-2: Ball 2-2: Foul Ball, location: 2F 2-2: Strikes out swinging
|
Batting: RHB Joe Padilla
|
0-0: Ball 1-0: Swinging Strike 1-1: Foul Ball, location: 2F 1-2: Foul Ball, location: 2F 1-2: Ball 2-2: Fly out, F7 (Line Drive, 7, EV 88.8 MPH)
|
Batting: SHB Alex Warner
|
0-0: Ball 1-0: Fly out, F8 (Flyball, 8RD, EV 90.0 MPH)
|
Top of the 11th over - 0 runs, 0 hits, 0 errors, 0 left on base; Canonniers de Quebec 0 - Twinsburg 0 |
BOTTOM OF THE 11TH |
Twinsburg Tigers batting - Pitching for Canonniers de Quebec : LHP Tom Woods
|
Pinch Hitting: LHB Aklilu Heri
|
0-0: Called Strike 0-1: Called Strike 0-2: Strikes out swinging
|
Batting: RHB Sadiya Seth
|
0-0: Ball 1-0: Ground out 5-3 (Groundball, 56, EV 83.8 MPH)
|
Batting: RHB John Jackson
|
0-0: Called Strike 0-1: Called Strike 0-2: Strikes out swinging
|
Bottom of the 11th over - 0 runs, 0 hits, 0 errors, 0 left on base; Canonniers de Quebec 0 - Twinsburg 0 |
TOP OF THE 12TH |
Canonniers de Quebec batting - Pitching for Twinsburg Tigers : RHP Elliot Roebuck
|
Pitching: LHP Jack Young
|
|
Now in RF: Cristo Correa Jr.
|
|
Pinch Hitting: RHB Nobuhiko Ohayashi
|
0-0: Foul Ball, location: 2F 0-1: Foul Ball, location: 2F 0-2: Ball 1-2: Fly out, F8 (Flyball, 8LM, EV 86.2 MPH)
|
Batting: RHB Mokichi Ito
|
0-0: Ball 1-0: Fly out, F7 (Flyball, 7LD, EV 90.6 MPH)
|
Batting: RHB Amor Campos
|
0-0: Hit by Pitch
|
Batting: RHB Imbart Baars
|
0-0: Ball 1-0: Swinging Strike 1-1: Called Strike 1-2: Foul Ball, location: 2F 1-2: Strikes out swinging
|
Top of the 12th over - 0 runs, 0 hits, 0 errors, 1 left on base; Canonniers de Quebec 0 - Twinsburg 0 |
BOTTOM OF THE 12TH |
Twinsburg Tigers batting - Pitching for Canonniers de Quebec : LHP Tom Woods
|
Pitching: RHP Noah Askew
|
|
Now in LF: Ed Dimock
|
|
Batting: RHB Axel Ruschmeyer
|
0-0: Ball 1-0: Called Strike 1-1: Ball 2-1: Called Strike 2-2: Strikes out swinging
|
Batting: SHB Jhett Larson
|
0-0: Ball 1-0: Called Strike 1-1: Ball 2-1: Foul Ball, location: 2F 2-2: Strikes out swinging
|
Batting: RHB Dave Hill
|
0-0: Called Strike 0-1: Foul Ball, location: 2F 0-2: Strikes out swinging
|
Bottom of the 12th over - 0 runs, 0 hits, 0 errors, 0 left on base; Canonniers de Quebec 0 - Twinsburg 0 |
TOP OF THE 13TH |
Canonniers de Quebec batting - Pitching for Twinsburg Tigers : LHP Jack Young
|
Batting: RHB Hulama Yani
|
0-0: Ground out 4-3 (Groundball, 4, EV 107.5 MPH)
|
Pinch Hitting: RHB Conan Porter
|
0-0: Fly out, F9 (Flyball, 9S, EV 82.5 MPH)
|
Batting: RHB Tom Rowland
|
0-0: Ball 1-0: Ground out 4-3 (Groundball, 4, EV 95.6 MPH)
|
Top of the 13th over - 0 runs, 0 hits, 0 errors, 0 left on base; Canonniers de Quebec 0 - Twinsburg 0 |
BOTTOM OF THE 13TH |
Twinsburg Tigers batting - Pitching for Canonniers de Quebec : RHP Noah Askew
|
Now at 2B: Geoffrey Richardson
|
|
Batting: LHB Keaton Kringlen
|
0-0: Ground out 4-3 (Groundball, 4, EV 98.1 MPH)
|
Batting: RHB Woong Byeon
|
0-0: Ball 1-0: Fly out, F9 (Flyball, 9LMF, EV 78.1 MPH)
|
Batting: LHB Mike Fisher
|
0-0: Called Strike 0-1: Swinging Strike 0-2: Ball 1-2: Strikes out swinging
|
Bottom of the 13th over - 0 runs, 0 hits, 0 errors, 0 left on base; Canonniers de Quebec 0 - Twinsburg 0 |
TOP OF THE 14TH |
Canonniers de Quebec batting - Pitching for Twinsburg Tigers : LHP Jack Young
|
Batting: RHB Joe Padilla
|
0-0: Ball 1-0: Foul Ball, location: 2F 1-1: Called Strike 1-2: Strikes out looking
|
Batting: SHB Alex Warner
|
0-0: Ball 1-0: Swinging Strike 1-1: Ball 2-1: Ball 3-1: Called Strike 3-2: Foul Ball, location: 2F 3-2: SOLO HOME RUN (Flyball, 7D, EV 108.8 MPH), Distance : 407 ft
|
Batting: RHB Ed Dimock
|
0-0: Ball 1-0: Ball 2-0: Foul Ball, location: 2F 2-1: Swinging Strike 2-2: Strikes out swinging
|
Batting: RHB Mokichi Ito
|
0-0: Ball 1-0: Foul Ball, location: 2F 1-1: Swinging Strike 1-2: Ball 2-2: Ball 3-2: Foul Ball, location: 2F 3-2: Ground out 4-3 (Groundball, 4, EV 91.2 MPH)
|
Top of the 14th over - 1 run, 1 hit, 0 errors, 0 left on base; Canonniers de Quebec 1 - Twinsburg 0 |
BOTTOM OF THE 14TH |
Twinsburg Tigers batting - Pitching for Canonniers de Quebec : RHP Noah Askew
|
Pinch Hitting: RHB Vicente López
|
0-0: Ball 1-0: Ball 2-0: Ball 3-0: Called Strike 3-1: Called Strike 3-2: Strikes out swinging
|
Batting: RHB Sadiya Seth
|
0-0: Called Strike 0-1: Ball 1-1: Fly out, F2 (Popup, 13S, EV 88.8 MPH)
|
Batting: RHB John Jackson
|
0-0: Called Strike 0-1: Swinging Strike 0-2: Fly out, F9 (Flyball, 9LSF, EV 84.4 MPH)
|
Bottom of the 14th over - 0 runs, 0 hits, 0 errors, 0 left on base; Canonniers de Quebec 1 - Twinsburg 0 |
|